 Dungeon Crawl Stone Soup version 0.22-a0-322-g60b3cfd (webtiles) character file.

57 Cattac the Covered (level 3, 15/26 HPs)
             Began as a Demonspawn Wanderer on Apr 5, 2018.
             Quit the game on level 2 of the Dungeon.
             The game lasted 00:08:49 (1354 turns).

Cattac the Covered (Demonspawn Wanderer)            Turns: 1354, Time: 00:08:50

Health: 15/26      AC: 10    Str: 11 (13) XL:     3   Next: 73%
Magic:  3/3        EV:  8    Int:  7 (10) God:
Gold:   55         SH:  0    Dex: 14 (17) Spells: 2/2 levels left

rFire    . . .     SeeInvis .   c - +0 dagger
rCold    . . .     Gourm    .   (no shield)
rNeg     . . .     Faith    .   a - +3 scale mail
rPois    .         Spirit   .   (no helmet)
rElec    .         Reflect  .   (no cloak)
rCorr    .         Harm     .   (no gloves)
MR       +....                  (no boots)
Stlth    ..........             (no amulet)
HPRegen  0.08/turn              (no ring)
MPRegen  0.08/turn              (no ring)

@: flying
A: agile 1, demonic guardian 1, frail 1, magic resistance 1
a: no special abilities


You were on level 2 of the Dungeon.
You were not hungry.

You visited 1 branch of the dungeon, and saw 2 of its levels.

You collected 55 gold pieces.

Inventory:

Hand Weapons
 c - a +0 dagger (weapon)
Armour
 a - a +3 scale mail (worn)
Potions
 f - a potion of degeneration
Comestibles
 d - a ration


   Skills:
 * Level 3.2 Fighting
 + Level 1.3 Short Blades
   Level 1.7 Bows
 + Level 3.9 Armour
 - Level 1.0 Stealth
   Level 1.0 Shields


You had 2 spell levels left.
You didn't know any spells.

Dungeon Overview and Level Annotations

Branches:
Dungeon (2/15)

Altars:


Innate Abilities, Weirdness & Mutations

A weak demonic guardian rushes to your aid.
You are agile. (Dex +2)
You are frail. (-10% HP)
You are resistant to hostile enchantments. (MR+)


Message History

You kill the worm!
You see here a worm corpse.
There is an open door here.
b - a pink potion
Okay, then.
It was a potion of flight.
You feel very buoyant.
You fly up into the air.
Why would you want to do that?
As you read the scroll labeled PIZAER MIVUUL, it crumbles to dust.
It is a scroll of identify.
i - a scroll of enchant armour
As you read the scroll labeled HEMITHRO SAMIO, it crumbles to dust.
It is a scroll of amnesia.
You feel forgetful for a moment.
As you read the scroll of enchant armour, it crumbles to dust.
Your +2 scale mail glows green for a moment.
Unknown command.
Unknown command.
Are you sure you want to abandon this character and quit the game? (Confirm with "yes".)

...# ...# #..... ...# ..
#....
...######'##.#.#....
...................
.#.......##....#..#
.#.......##....#..# ##
.#.<.....##....#..# ..#
........###.....@.#...##
........................
........................
....................##..
..............###...# .
..............# ......
..............# ......
..............# .......
.#+#####......## .......


There were no monsters in sight!

Vanquished Creatures
  An adder (D:2)
  2 oozes (D:1)
  A worm (D:2)
  A leopard gecko (D:1)
  6 goblins
  7 hobgoblins
  4 jackals (D:1)
  2 frilled lizards (D:1)
  A kobold (D:2)
  3 rats
28 creatures vanquished.

Vanquished Creatures (collateral kills)
  An adder (D:2)
1 creature vanquished.

Grand Total: 29 creatures vanquished

Notes
Turn   | Place    | Note
-------+----------+-------------------------------------------
     0 | D:1      | Cattac the Demonspawn Wanderer began the quest for the Orb.
     0 | D:1      | Cattac set off with: a +2 scale mail, 2 scrolls of teleportation, a +0 dagger, a ration
     0 | D:1      | Reached XP level 1. HP: 16/16 MP: 1/1
   123 | D:1      | Gained mutation: A weak demonic guardian rushes to your aid. [demonic ancestry]
   123 | D:1      | Reached XP level 2. HP: 17/23 MP: 2/2
   723 | D:1      | Reached skill level 1 in Short Blades
   736 | D:1      | Reached XP level 3. HP: 28/28 MP: 3/3
  1102 | D:2      | Gained mutation: You are frail. (-10% HP) [potion of mutation]
  1102 | D:2      | Gained mutation: You are agile. (Dex +2) [potion of mutation]
  1102 | D:2      | Gained mutation: You are resistant to hostile enchantments. (MR+) [potion of mutation]
  1102 | D:2      | HP: 1/26 [adder (3)]
  1354 | D:2      | Quit the game

Vault maps used:
D:1:      lightli_arrival_chessboard, minmay_crystal_water, hex_large,
          minmay_distorted
D:2:      serial_glass, glass_columns_a, glass_columns_a

Skill      XL: |  1  2  3 |
---------------+----------+-----
Short Blades   | 1 |  1.3
Fighting       | 3 |  3.2
Bows           | |  1.7
Armour         | |  3.9
Stealth        | |  1.0
Shields        | |  1.0

Action                   || total
-------------------------++-------
Melee: Dagger            ||   229
  Use: Scroll            ||     5
       Potion            ||     5
  Eat: Ration            ||     1
Armor: Scale mail        ||   103
Dodge: Dodged            ||    96

Table legend:
 A = Spawn XP
 B = Non-spawn XP
 C = Spawn XP percentage of total XP
 D = Spawn monster count
 E = Non-spawn monster count
 F = Spawn count percentage of total count
 G = Total turns spent on level
                    A         B        C        D         E        F      G
               +---------+---------+-------+---------+---------+-------+---------
         Total |       0 |      82 |   0.0 |       0 |      29 |   0.0 |  1354
               +---------+---------+-------+---------+---------+-------+---------
           D:1 |       0 |      43 |   0.0 |       0 |      18 |   0.0 |   839
           D:2 |       0 |      39 |   0.0 |       0 |      11 |   0.0 |   515
               +---------+---------+-------+---------+---------+-------+---------
